 Dungeon Crawl Stone Soup version 0.23-a0-586-gacb4b3f (webtiles) character file.

46 galech the Skirmisher (level 3, 0/29 HPs)
             Began as a Demonspawn Fighter on Dec 18, 2018.
             Succumbed to an adder's poison
             ... on level 2 of the Dungeon.
             The game lasted 00:01:03 (1071 turns).

galech the Skirmisher (Demonspawn Fighter)          Turns: 1071, Time: 00:01:03

Health: 0/29       AC:  6    Str: 16    XL:     3   Next: 46%
Magic:  3/3        EV:  7    Int:  9    God:
Gold:   100        SH:  9    Dex: 13    Spells: 2/2 levels left

rFire    . . .     SeeInvis .   a - +0 war axe
rCold    . . .     Gourm    .   c - +0 shield
rNeg     . . .     Faith    .   b - +0 scale mail
rPois    .         Spirit   .   (no helmet)
rElec    .         Reflect  .   (no cloak)
rCorr    .         Harm     .   (no gloves)
MR       .....                  (no boots)
Stlth    ..........             (no amulet)
HPRegen  0.09/turn              (no ring)
MPRegen  0.08/turn              (no ring)

@: lethally poisoned (0 -> -5)
A: claws 1, powered by death 1
a: no special abilities


You were on level 2 of the Dungeon.
You were hungry.

You visited 1 branch of the dungeon, and saw 2 of its levels.

You collected 100 gold pieces.

Inventory:

Hand Weapons
 a - a +0 war axe (weapon)
Armour
 b - a +0 scale mail (worn)
 c - a +0 shield (worn)
Jewellery
 h - an uncursed amulet of rage {unknown}
 j - an uncursed amulet of guardian spirit {unknown}
 l - an uncursed ring of resist corrosion {unknown}
Scrolls
 i - a scroll of random uselessness {unknown}
 k - a scroll of enchant weapon {unknown}
Potions
 d - a potion of might
 e - a potion of degeneration {unknown}
Comestibles
 f - a ration
 g - 2 chunks of flesh


   Skills:
 + Level 3.4 Fighting
 + Level 2.2 Axes
 + Level 2.9 Armour
 + Level 0.1 Dodging
 + Level 0.1 Stealth
 + Level 3.2 Shields


You had 2 spell levels left.
You didn't know any spells.
Your spell library was empty.

Dungeon Overview and Level Annotations

Branches:
Dungeon (2/15)

Altars:


Innate Abilities, Weirdness & Mutations

You have sharp fingernails.
You regenerate a little health from kills.


Message History

You block the adder's attack.
You miss the adder.
* * * LOW HITPOINT WARNING * * *
You feel sick. The adder closely misses you.
The adder bites you but does no damage.
You hit the adder.
The adder is heavily wounded.
* * * LOW HITPOINT WARNING * * *
You feel sick. You block the adder's attack. The adder closely misses you.
You slash the adder!
You kill the adder!
* * * LOW HITPOINT WARNING * * *
You feel sick.
The kobold throws a stone.
The stone hits you but does no damage. You block the kobold's attack.
Items here: ) ? †† a +0 club; a scroll labeled IMEIZU FYGEV; an adder corpse; a hobgoblin corpse
* * * LOW HITPOINT WARNING * * *
You feel sick.
You die...

.....#######># .. .
...........#.# ##
#. #.##.#.##...#
#.###.##.#(##...#
........).##.#.#
.###.##.#.#.##.#.#
........K.#....#.#
#.#.##.#.#.#.##....
#......@.#...##.#.#
..#.#.$....#.##.#..
#......#.#...
#...#........##.
#.# #.#.##.#.# . .
..... ..... .#.##.
#.## .... . ..


You could see a kobold.

Vanquished Creatures
  2 adders (D:2)
  A dart slug (D:1)
  A leopard gecko (D:1)
  2 giant cockroaches (D:1)
  A goblin (D:2)
  4 hobgoblins
  A jackal (D:2)
  4 kobolds (D:1)
  2 quokkas (D:2)
  A ball python (D:1)
  4 frilled lizards
  3 rats
26 creatures vanquished.

Notes
Turn   | Place    | Note
-------+----------+-------------------------------------------
     0 | D:1      | galech the Demonspawn Fighter began the quest for the Orb.
     0 | D:1      | Reached XP level 1. HP: 18/18 MP: 1/1
   165 | D:1      | Gained mutation: You regenerate a little health from kills.
                  | [demonic ancestry]
   165 | D:1      | Reached XP level 2. HP: 24/24 MP: 2/2
   856 | D:2      | Gained mutation: You have sharp fingernails. [demonic
                  | ancestry]
   856 | D:2      | Reached XP level 3. HP: 15/29 MP: 3/3
  1066 | D:2      | HP: 1/29 [poisoned by an adder]
  1071 | D:2      | Succumbed to an adder's poison

Vault maps used:
D:1:      psy_arrival_conway, chequers_serial_rivers_micro_b, minmay_distorted
D:2:      minmay_diced_spiral

Skill      XL: |  1  2 |
---------------+-------+-----
Shields        | 3 |  3.2
Axes           | 2 |  2.2
Fighting       | |  3.4
Armour         | |  2.9
Dodging        | |  0.1
Stealth        | |  0.1

Action                   || total
-------------------------++-------
Melee: War axe           ||   110
  Use: Potion            ||     1
Armor: Scale mail        ||    55
Dodge: Dodged            ||    31
Block: Shield            ||    49

Table legend:
 A = Non-vault XP
 B = Vault XP
 C = Vault XP percentage of total XP
 D = Non-vault monster count
 E = Vault monster count
 F = Vault count percentage of total count
                 A         B        C        D         E       F
            +---------+---------+-------+---------+---------+-------
      Total |      59 |       8 |  11.9 |      22 |       4 |  15.4
            +---------+---------+-------+---------+---------+-------
        D:1 |      21 |       4 |  16.0 |      13 |       2 |  13.3
        D:2 |      38 |       4 |   9.5 |       9 |       2 |  18.2
            +---------+---------+-------+---------+---------+-------
